[Event "ICC tourney 2350 (60 10)"]
[Site "Internet Chess Club"]
[Date "2021.01.31"]
[Round "6"]
[White "cdong13"]
[Black "HarleyQueen8"]
[Result "1-0"]
[ICCResult "Black checkmated"]
[WhiteElo "1676"]
[BlackElo "1858"]
[Opening "Sicilian: Alapin's variation (2.c3)"]
[ECO "B22"]
[NIC "SI.47"]
[Time "16:00:12"]
[PlyCount "83"]
[TimeControl "3600+10"]

1. e4 c5 2. c3 Nf6 3. e5 Nd5 4. d4 cxd4 5. cxd4 Nc6 6. Nf3 d6 7. Nc3 e6 8.
Bd3 Nxc3 9. bxc3 dxe5 10. dxe5 Qa5 11. O-O Nxe5 12. Nxe5 Qxe5 13. g3 Be7
14. Bf4 Qc5 15. Qc2 h6 16. Rfe1 Bf6 17. Bd2 O-O 18. Rab1 Rd8 19. Rb5 Qd6
20. Bh7+ Kh8 21. Bf4 Qc6 22. c4 Rd4 23. Bd3 a6 24. Rh5 Qd7 25. Re3 b6 26.
Be2 Rd2 27. Qb1 Rb2 28. Qc1 Rxa2 29. Bd3 Bb7 30. Bxh6 gxh6 31. Ree5 Qxd3
32. Qxh6+ Kg8 33. Reg5+ Qg6 34. Rxg6+ fxg6 35. Qxg6+ Kf8 36. Qxf6+ Ke8 37.
Qxe6+ Kd8 38. Qd6+ Ke8 39. Re5+ Kf7 40. Re7+ Kg8 41. Qg6+ Kf8 42. Qf7# {
Black checkmated } 1-0

[Event "ICC tourney 2350 (60 10)"]
[Site "Internet Chess Club"]
[Date "2021.01.31"]
[Round "6"]
[White "weijie123"]
[Black "chessisthebest1"]
[Result "1-0"]
[ICCResult "Black checkmated"]
[WhiteElo "2091"]
[BlackElo "1812"]
[Opening "Catalan: open, 5.Nf3"]
[ECO "E04"]
[NIC "CA.03"]
[Time "16:00:48"]
[PlyCount "69"]
[TimeControl "3600+10"]

1. d4 d5 2. c4 e6 3. Nf3 Nf6 4. g3 dxc4 5. Bg2 Nc6 6. Qa4 Nd7 7. Qxc4 Nb6
8. Qd3 Be7 9. O-O O-O 10. e4 Bf6 11. Rd1 g6 12. e5 Bg7 13. Bg5 f6 14. exf6
Bxf6 15. Bh6 Re8 16. Nc3 Nb4 17. Qe4 N4d5 18. Ne5 Bg7 19. Bxg7 Kxg7 20.
Rac1 Nxc3 21. bxc3 Nd7 22. Rd3 Nxe5 23. dxe5 Qg5 24. Rcd1 Rb8 25. h4 Qe7
26. Qa4 c6 27. Qxa7 Qc7 28. Rd6 Re7 29. h5 g5 30. Qe3 h6 31. Qd3 b6 32.
Qg6+ Kf8 33. Rd8+ Qxd8 34. Rxd8+ Re8 35. Rxe8# { Black checkmated } 1-0

[Event "ICC tourney 2350 (60 10)"]
[Site "Internet Chess Club"]
[Date "2021.01.31"]
[Round "6"]
[White "CaptainD17"]
[Black "dlevkov"]
[Result "1/2-1/2"]
[ICCResult "Game drawn by mutual agreement"]
[WhiteElo "1706"]
[BlackElo "2159"]
[Opening "Dutch: Leningrad, main variation with c6"]
[ECO "A88"]
[NIC "HD.05"]
[Time "16:01:04"]
[PlyCount "84"]
[TimeControl "3600+10"]

1. d4 f5 2. c4 Nf6 3. Nc3 g6 4. Nf3 Bg7 5. g3 O-O 6. Bg2 d6 7. O-O c6 8.
Qc2 Qe8 9. b3 e5 10. dxe5 dxe5 11. Rd1 Na6 12. Ba3 Rf7 13. Ng5 Rd7 14. e4
h6 15. Nf3 Rxd1+ 16. Rxd1 fxe4 17. Nxe4 Nxe4 18. Qxe4 Bf5 19. Qe2 Qe6 20.
Bb2 Re8 21. Re1 Nc5 22. Nh4 a5 23. Ba3 Na6 24. f4 e4 25. Nxf5 gxf5 26. Rd1
Bf8 27. Bb2 Nb4 28. Bc3 Bc5+ 29. Kh1 Nd3 30. Rf1 a4 31. h3 Kh7 32. g4 fxg4
33. hxg4 Qe7 34. Bh3 Qh4 35. Kg2 Bd6 36. Bd2 axb3 37. axb3 Qe7 38. Qe3 Rf8
39. f5 Qe5 40. Qxh6+ Kg8 41. Qg6+ Kh8 42. Qh6+ Kg8 { Game drawn by mutual
agreement } 1/2-1/2

[Event "ICC tourney 2350 (60 10)"]
[Site "Internet Chess Club"]
[Date "2021.01.31"]
[Round "6"]
[White "elMo17"]
[Black "rrr73"]
[Result "1-0"]
[ICCResult "Black resigns"]
[WhiteElo "1786"]
[BlackElo "1488"]
[Opening "King's Indian: East Indian defense"]
[ECO "A48"]
[NIC "QP.06"]
[Time "16:00:17"]
[PlyCount "101"]
[TimeControl "3600+10"]

1. d4 Nf6 2. Nf3 g6 3. e3 Bg7 4. Be2 O-O 5. O-O d6 6. b3 Nbd7 7. Bb2 b6 8.
c4 c5 9. Nc3 Bb7 10. Qc2 Rc8 11. d5 a6 12. Rad1 Re8 13. h3 Rb8 14. Ng5 h6
15. Nge4 Nxe4 16. Nxe4 Nf6 17. Bd3 Bc8 18. Ng3 Bd7 19. e4 Nh7 20. e5 dxe5
21. Nh5 gxh5 22. Bxh7+ Kh8 23. Rfe1 f6 24. Bg6 Rf8 25. Bxh5 Qc8 26. Bg6 h5
27. Qe2 Bh6 28. Bc1 Bg4 29. hxg4 Bxc1 30. Rxc1 hxg4 31. Bb1 Rf7 32. g3 Qg8
33. Kg2 Qg5 34. Qe3 Qxe3 35. Rxe3 Rg7 36. Rh1+ Kg8 37. Rh4 Kf7 38. Bf5 Rg5
39. Be6+ Kg6 40. Re1 b5 41. Reh1 f5 42. Rh6+ Kg7 43. Rh7+ Kf6 44. R1h6+ Rg6
45. Rxg6+ Kxg6 46. Rxe7 bxc4 47. bxc4 Rb4 48. d6 Kf6 49. Bd5 Ra4 50. Rf7+
Kg6 51. d7 { Black resigns } 1-0

[Event "ICC tourney 2350 (60 10)"]
[Site "Internet Chess Club"]
[Date "2021.01.31"]
[Round "6"]
[White "Chesscrusher28"]
[Black "BinghuiDu"]
[Result "0-1"]
[ICCResult "White resigns"]
[WhiteElo "1484"]
[BlackElo "1925"]
[Opening "English opening"]
[ECO "A15"]
[NIC "EO.64"]
[Time "16:00:36"]
[PlyCount "144"]
[TimeControl "3600+10"]

1. c4 Nf6 2. Nf3 e6 3. g3 b6 4. Bg2 Bb7 5. Nc3 Bb4 6. Qc2 O-O 7. O-O d6 8.
d3 Bxc3 9. Qxc3 c5 10. Bg5 Nbd7 11. e4 Qc7 12. Bf4 e5 13. Bd2 Bc6 14. Ne1
b5 15. b3 bxc4 16. bxc4 Rab8 17. Nc2 Nb6 18. Qa5 Rfc8 19. Rab1 Nbd7 20.
Qxc7 Rxc7 21. Rxb8+ Nxb8 22. Rb1 Rb7 23. Rxb7 Bxb7 24. Bg5 Ne8 25. g4 Bc6
26. Bd2 Ba4 27. Ne3 Nc6 28. Bc3 g6 29. Kf1 Nc7 30. Ke2 Ne6 31. Nd5 Ncd4+
32. Bxd4 Nxd4+ 33. Kd2 Kf8 34. Nc3 Bd7 35. h3 Ke8 36. Nd5 h6 37. Nf6+ Kd8
38. Nxd7 Kxd7 39. h4 Kc6 40. h5 g5 41. Bf1 Kb6 42. Be2 Ka5 43. Bd1 Kb4 44.
Kc1 Kc3 45. Ba4 Kxd3 46. Kd1 Kxe4 47. Be8 f6 48. a4 a5 49. Ke1 Kd3 50. Bb5
Nc2+ 51. Kd1 Na3 52. Ke1 Nxc4 53. Be8 Nb2 54. Bb5+ Kc3 55. Ke2 d5 56. f3 d4
57. Ke1 d3 58. Kf2 d2 59. Be2 d1=Q 60. Bxd1 Nxd1+ 61. Kg3 Kd4 62. Kh2 c4
63. f4 exf4 64. Kg1 c3 65. Kh1 c2 66. Kg1 c1=Q 67. Kh2 Qd2+ 68. Kh1 Qe1+
69. Kh2 Qe2+ 70. Kh3 Qf3+ 71. Kh2 Qxg4 72. Kh1 f3 { White resigns } 0-1

[Event "ICC tourney 2350 (60 10)"]
[Site "Internet Chess Club"]
[Date "2021.01.31"]
[Round "6"]
[White "AveryLucasNY"]
[Black "Gadus-morhua"]
[Result "1/2-1/2"]
[ICCResult "Game drawn by mutual agreement"]
[WhiteElo "2014"]
[BlackElo "2136"]
[Opening "Benkö gambit"]
[ECO "A57"]
[NIC "BI.46"]
[Time "16:00:18"]
[PlyCount "83"]
[TimeControl "3600+10"]

1. d4 Nf6 2. c4 c5 3. d5 b5 4. Nf3 g6 5. Qc2 d6 6. e4 Bg7 7. cxb5 a6 8. Nc3
O-O 9. Bg5 Qa5 10. Nd2 axb5 11. Bxb5 Ba6 12. a4 Bxb5 13. Nxb5 Nbd7 14. O-O
Nb6 15. Nc4 Nxc4 16. Qxc4 h6 17. Bxf6 Bxf6 18. Ra2 Rfb8 19. Rfa1 Qb4 20.
Qe2 Ra5 21. f4 Bd4+ 22. Kh1 Bg7 23. g3 Qb3 24. Nc3 Bxc3 25. bxc3 Qxc3 26.
e5 Qb3 27. Qd2 Rb4 28. Ra3 Raxa4 29. Qxb4 Rxb4 30. Rxb3 Rxb3 31. exd6 exd6
32. Ra6 c4 33. Rxd6 c3 34. Rc6 Kf8 35. Kg2 Ke7 36. h3 Kd7 37. g4 Rb2+ 38.
Kg3 Rc2 39. h4 Rc1 40. Kg2 Rd1 41. Rxc3 Rxd5 42. Kf3 { Game drawn by mutual
agreement } 1/2-1/2

[Event "ICC tourney 2350 (60 10)"]
[Site "Internet Chess Club"]
[Date "2021.01.31"]
[Round "6"]
[White "Curvedrain"]
[Black "LeonardoLiu2005"]
[Result "1/2-1/2"]
[ICCResult "Game drawn by mutual agreement"]
[WhiteElo "1923"]
[BlackElo "2007"]
[Opening "Sicilian: Alapin's variation (2.c3)"]
[ECO "B22"]
[NIC "SI.46"]
[Time "16:00:19"]
[PlyCount "156"]
[TimeControl "3600+10"]

1. e4 c5 2. c3 d5 3. exd5 Qxd5 4. d4 cxd4 5. cxd4 Nc6 6. Nf3 Bg4 7. Be2 e6
8. Nc3 Bb4 9. O-O Bxc3 10. bxc3 Nge7 11. h3 Bh5 12. Bf4 O-O 13. Qb3 Qd7 14.
Rab1 b6 15. g4 Bg6 16. Rb2 Nd5 17. Bd2 Qd6 18. Nh4 Na5 19. Qb5 Rac8 20.
Nxg6 hxg6 21. Rc2 Nf4 22. Bxf4 Qxf4 23. Rfc1 Rc7 24. Qb2 Nc4 25. Bxc4 Rxc4
26. Qb5 Rfc8 27. Kg2 Qe4+ 28. f3 Qb7 29. h4 a6 30. Qg5 b5 31. h5 gxh5 32.
Qxh5 Qd5 33. Qxd5 exd5 34. Kf2 f6 35. Ke3 Kf7 36. Kd3 Rh8 37. Re1 Rh3 38.
Re3 Rh8 39. Rce2 Rhc8 40. Kd2 R8c7 41. Re1 Ra4 42. Ra1 Rcc4 43. a3 a5 44.
Rb1 b4 45. axb4 axb4 46. Rxb4 Raxb4 47. cxb4 Rxb4 48. Kc3 Rc4+ 49. Kd3 Ra4
50. f4 Ra3+ 51. Ke2 Ra2+ 52. Kf3 Ra4 53. Rd3 Ke6 54. f5+ Kd6 55. Kf4 Ra1
56. Rh3 Rf1+ 57. Ke3 Re1+ 58. Kd3 Rg1 59. Rh4 Rg3+ 60. Ke2 Ke7 61. Kd2 Rg2+
62. Ke3 Rg1 63. Kf2 Rd1 64. Ke3 Re1+ 65. Kd3 Re4 66. Kc3 Kd6 67. Kd3 Kc6
68. Kc3 Kb5 69. Rh8 Rxg4 70. Rc8 Rg3+ 71. Kd2 Kb4 72. Rc5 Rg4 73. Ke3 Rg3+
74. Kf4 Rd3 75. Rxd5 Kc4 76. Ke4 Rd1 77. Rc5+ Kb4 78. Rc7 Re1+ { Game drawn
by mutual agreement } 1/2-1/2

[Event "ICC tourney 2350 (60 10)"]
[Site "Internet Chess Club"]
[Date "2021.01.31"]
[Round "6"]
[White "HPenguin"]
[Black "xcelswimmer"]
[Result "1/2-1/2"]
[ICCResult "Game drawn by repetition"]
[WhiteElo "1819"]
[BlackElo "1937"]
[Opening "French: Tarrasch, open variation, main line"]
[ECO "C09"]
[NIC "FR.22"]
[Time "16:00:37"]
[PlyCount "107"]
[TimeControl "3600+10"]

1. e4 e6 2. d4 d5 3. Nd2 c5 4. Ngf3 Nc6 5. exd5 exd5 6. dxc5 Bxc5 7. Nb3
Bb6 8. c3 Nge7 9. Nbd4 O-O 10. Be2 Bg4 11. Be3 Bc7 12. O-O a6 13. Ng5 Bxe2
14. Qxe2 h6 15. Ngf3 Re8 16. Rad1 Qd6 17. g3 Ng6 18. Qd2 Rad8 19. Nf5 Qf6
20. N5h4 Nge5 21. Nxe5 Nxe5 22. Kg2 g5 23. Bd4 gxh4 24. f4 h3+ 25. Kg1 Qg6
26. fxe5 Bxe5 27. Bxe5 Rxe5 28. Rf2 Rde8 29. Rdf1 R8e7 30. Qd4 h5 31. Rxf7
Qxf7 32. Rxf7 Kxf7 33. Qf4+ Kg6 34. Qd2 Rf5 35. b3 b5 36. Qd1 Re3 37. Qd2
Ref3 38. Qe1 Rf1+ 39. Qxf1 Rxf1+ 40. Kxf1 Kf5 41. a3 Ke4 42. Ke2 a5 43. b4
a4 44. Kd2 Kf3 45. Kd3 Kf2 46. Kd2 Kf1 47. Kd1 Kf2 48. Kd2 Kg2 49. Ke2 Kxh2
50. Kf2 Kh1 51. Kf1 Kh2 52. Kf2 Kh1 53. Kf1 Kh2 54. Kf2 { Game drawn by
repetition } 1/2-1/2

[Event "ICC tourney 2350 (60 10)"]
[Site "Internet Chess Club"]
[Date "2021.01.31"]
[Round "6"]
[White "westo123"]
[Black "harrislencz"]
[Result "0-1"]
[ICCResult "White resigns"]
[WhiteElo "1615"]
[BlackElo "1899"]
[Opening "Sicilian: closed"]
[ECO "B24"]
[NIC "SI.44"]
[Time "16:01:04"]
[PlyCount "186"]
[TimeControl "3600+10"]

1. e4 c5 2. Nc3 Nc6 3. g3 g6 4. Bg2 Bg7 5. f4 d6 6. Nf3 e6 7. O-O Nge7 8.
d3 O-O 9. Be3 Nd4 10. Bf2 Nec6 11. Qd2 Rb8 12. Nd1 b5 13. c3 Nxf3+ 14. Bxf3
b4 15. Ne3 Qe7 16. Rae1 a5 17. f5 a4 18. Nd1 Bb7 19. d4 a3 20. cxb4 Nxd4
21. Bxd4 Bxd4+ 22. Kh1 gxf5 23. bxa3 fxe4 24. Bxe4 Bxe4+ 25. Rxe4 Qb7 26.
Qg2 Kh8 27. Rff4 Rfe8 28. Re2 Qxg2+ 29. Kxg2 Re7 30. Ne3 Be5 31. Rc4 cxb4
32. axb4 Reb7 33. a3 Ra8 34. Ng4 Ba1 35. Ra2 Bg7 36. Rac2 h5 37. Rc8+ Rxc8
38. Rxc8+ Kh7 39. Ne3 Ra7 40. Nc4 d5 41. Na5 Bb2 42. a4 Ba3 43. Rb8 Ra6 44.
Rb7 Kg6 45. Rb5 Bxb4 46. Rxb4 Rxa5 47. Kf3 e5 48. Rb5 Rxa4 49. Rxd5 f6 50.
Rc5 Rb4 51. Ke3 Kf5 52. Rc8 Rb3+ 53. Kf2 Rb2+ 54. Kg1 Kg4 55. Rc4+ Kf3 56.
Rc3+ Kg4 57. Rc4+ Kg5 58. h4+ Kf5 59. Rc5 Kg4 60. Rc3 Rd2 61. Re3 Rd4 62.
Kf2 Rd2+ 63. Kg1 Rd1+ 64. Kg2 Rd2+ 65. Kg1 Kh3 66. Rf3 Rg2+ 67. Kf1 Rxg3
68. Rxf6 Kxh4 69. Rf5 Rg5 70. Rf2 Rg4 71. Re2 Rf4+ 72. Kg2 e4 73. Re3 Kg5
74. Kg3 h4+ 75. Kg2 Kg4 76. Kh2 Kf5 77. Kg2 Ke5 78. Rb3 Kd4 79. Rb5 Kc4 80.
Rb7 Kd3 81. Rb3+ Kd2 82. Rb2+ Kd1 83. Rb3 Kc2 84. Rb6 Kd3 85. Rb3+ Kd4 86.
Rb4+ Kc3 87. Rb7 e3 88. Rc7+ Kd3 89. Rd7+ Rd4 90. Rb7 e2 91. Rb3+ Kc2 92.
Re3 Kd2 93. Kf2 Rf4+ { White resigns } 0-1